 Dungeon Crawl Stone Soup version 0.27.1-1-g398f81649c (webtiles) character file.

Game seed: 5065754283229814766

284 T3K the Ruffian (level 6, 0/52 HPs)
             Began as a Ghoul Berserker on Sept 9, 2021.
             Was a Believer of Trog.
             Slain by an adder (2 damage)
             ... on level 6 of the Dungeon.
             The game lasted 00:06:52 (2519 turns).

T3K the Ruffian (Ghoul Berserker)                   Turns: 2519, Time: 00:06:52

Health: 0/52       AC:  5    Str: 22    XL:     6   Next: 29%
Magic:  5/5        EV: 12    Int:  3    God:    Trog [**....]
Gold:   105        SH:  0    Dex:  8    Spells: 5/5 levels left

rFire    . . .     SeeInvis .     - Unarmed
rCold    + . .     Faith    .   (no shield)
rNeg     + + +     Spirit   .   a - +0 animal skin
rPois    ∞         Reflect  .   (no helmet)
rElec    .         Harm     .   b - +0 cloak
rCorr    .         Rampage  .   (no gloves)
Will     ++...                  d - +1 pair of boots
Stlth    +.........             (no amulet)
HPRegen  1.00/turn              (no ring)
MPRegen  0.09/turn              (no ring)

@: strong-willed, regenerating
A: claws 1, cold resistance 1, negative energy resistance 3, inhibited
regeneration, torment resistance 2
a: Renounce Religion, Trog's Hand


You were on level 6 of the Dungeon.
You worshipped Trog.
Trog was pleased with you.
You visited 1 branch of the dungeon, and saw 4 of its levels.

You collected 105 gold pieces.

Inventory:

Armour
 a - a +0 animal skin (worn)
 b - a +0 cloak (worn)
 d - a +1 pair of boots (worn)
Scrolls
 c - 3 scrolls of identify {unknown}
 e - a scroll of brand weapon {unknown}
 g - a scroll of teleportation
 h - a scroll of vulnerability {unknown}
Potions
 f - a potion of curing
 i - 3 potions of mutation
 k - a potion of ambrosia {unknown}
 l - a potion of heal wounds


   Skills:
 + Level 4.2 Fighting
 + Level 2.0 Armour
 + Level 2.7 Dodging
 + Level 1.5 Stealth
 + Level 6.1 Unarmed Combat


You had 5 spell levels left.
You didn't know any spells.
Your spell library was empty.

Dungeon Overview and Level Annotations

Branches:
Dungeon (3/15)

Altars:

Annotations:
D:3 2 runed translucent doors, bnorton916's ghost, amateur DECj


Innate Abilities, Weirdness & Mutations

You thrive by killing the living.
You are immune to poison.
You have sharp fingernails.
Your flesh is cold resistant. (rC+)
You are immune to negative energy. (rN+++)
You do not regenerate when monsters are visible.
You are immune to unholy pain and torment.


Message History

You closely miss the hound. The hound closely misses you.
The hound bites you but does no damage.
You closely miss the hound. The hound bites you.
* * * LOW HITPOINT WARNING * * *
You claw the hound!
The hound is moderately wounded.
The hound bites you.
* * * LOW HITPOINT WARNING * * *
The adder barely misses you.
Non-targeted abil: Trog's Hand
Press: ? - help, Q - select action Dir - look around, f - activate Your skin crawls.
You feel strong-willed. The hound bites you.
* * * LOW HITPOINT WARNING * * *
The adder closely misses you. The hound closely misses you.
You miss the hound.
The hound is moderately wounded.
The hound barely misses you. The adder bites you.
* * * LOW HITPOINT WARNING * * *
You scratch the hound.
The hound is heavily wounded.
The hound bites you but does no damage. The adder closely misses you.
The hound barely misses you.
You barely miss the hound.
The hound is heavily wounded.
The adder bites you but does no damage. The hound bites you.
* * * LOW HITPOINT WARNING * * *
The adder barely misses you.
You closely miss the hound.
The hound is heavily wounded.
The hound bites you.
* * * LOW HITPOINT WARNING * * *
The adder closely misses you.
You completely miss the hound.
The hound is heavily wounded.
The hound bites you.
* * * LOW HITPOINT WARNING * * *
The adder bites you.
You die...

. .o .{o .... .....
#######......
.######)S@h........
........#######....
...........# ####
...........# ######....
...........###<.........
.............#...........
.........................
.#####.#####.............
#. ###..........#


You could see a hound and an adder.

Vanquished Creatures
  A water moccasin zombie (D:6)
  A jelly (D:6)
  An iguana (D:6)
  3 orc wizards (D:6)
  4 adders
  A white imp (D:6)
  A dart slug (D:1)
  4 orcs (D:6)
  2 endoplasms
  5 giant cockroaches
  8 goblins
  4 hobgoblins
  2 jackals (D:2)
  3 kobolds
  2 quokkas (D:1)
  8 ball pythons
  5 bats
  3 frilled lizards
  2 rats
60 creatures vanquished.

Notes
Turn   | Place    | Note
-------+----------+-------------------------------------------
     0 | D:1      | T3K the Ghoul Berserker began the quest for the Orb.
     0 | D:1      | Reached XP level 1. HP: 19/19 MP: 0/0
   229 | D:1      | Reached XP level 2. HP: 24/26 MP: 1/1
   734 | D:1      | Reached XP level 3. HP: 23/33 MP: 2/2
   872 | D:1      | Found a faded altar of an unknown god.
  1196 | D:2      | Reached skill level 4 in Unarmed Combat
  1342 | D:2      | Reached ** piety under Trog
  1440 | D:2      | Reached XP level 4. HP: 38/40 MP: 3/3
  1898 | D:3      | Found a runed translucent door.
  1903 | D:3      | Noticed bnorton916's ghost (amateur DECj)
  2141 | D:3      | Found a runed translucent door.
  2155 | D:3      | You fall into a shaft and drop 3 floors!
  2194 | D:6      | Reached skill level 5 in Unarmed Combat
  2194 | D:6      | Reached XP level 5. HP: 12/46 MP: 4/4
  2390 | D:6      | Reached skill level 1 in Stealth
  2423 | D:6      | Reached XP level 6. HP: 16/52 MP: 5/5
  2429 | D:6      | Reached skill level 6 in Unarmed Combat
  2519 | D:6      | HP: 2/52 [hound (4)]
  2519 | D:6      | Slain by an adder

Illustrated notes

Levels and vault maps discovered:
D:1:      heliophobic_arrival_battle_scene, layout_rooms, basic_ecumenical_altar
D:2:      layout_basic
D:3:      wander_river, layout_basic, ebering_ghost_sewer_f, dk_vineyard_3,
          chequers_big_river, amethyst_killhole
D:6:      layout_rooms, grunt_decor_fettered, chequers_serial_rivers_small_b

Skill      XL: |  1  2  3  4  5  6 |
---------------+-------------------+-----
Dodging        | 2 |  2.7
Armour         | 2 |  2.0
Unarmed Combat | 4 5 6 |  6.1
Fighting       | 4 |  4.2
Stealth        | 1 |  1.5

Action                   |  1- 3 |  4- 6 || total
-------------------------+-------+-------++-------
Melee: Unarmed           |   103 |    92 ||   195
       Punch             |     1 |       ||     1
Invok: Trog's Hand       |       |     3 ||     3
  Use: Potion            |     3 |     3 ||     6
       Scroll            |     1 |       ||     1
 Stab: Sleeping          |       |     1 ||     1
Armor: Animal skin       |    25 |    28 ||    53
Dodge: Dodged            |    60 |    45 ||   105
